 Dungeon Crawl Stone Soup version 0.31.0-32-g396128a36d (webtiles) character file.

Game seed: 14154241140527299874

2944 Logoto the Cleaver (level 9, -11/118 HPs)
             Began as a Hill Orc Fighter on Mar 10, 2024.
             Was a Believer of Okawaru.
             Killed by divine providence
             ... invoked by an orc priest
              (13 damage)
             ... on level 7 of the Dungeon.
             The game lasted 00:25:49 (6935 turns).

Logoto the Cleaver (Hill Orc Fighter)               Turns: 6935, Time: 00:25:50

Health: -11/118    AC: 24    Str: 23    XL:     9   Next: 80%
Magic:  9/9        EV:  2    Int: 14    God:    Okawaru [**....]
Gold:   148        SH: 10    Dex: 10    Spells: 8/8 levels left

rFire   . . .        p - +1 hand axe (flame)
rCold   . . .        s - +1 kite shield
rNeg    . . .        e - melded +0 plate armour
rPois   +            v - melded +0 helmet
rElec   .            x - melded +0 cloak
rCorr   .            F - melded +2 pair of gloves
SInv    .            (boots currently unavailable)
Will    +....        (no amulet)
Stlth   +            n - +6 ring of intelligence
HPRegen 0.39/turn    A - ring of willpower
MPRegen 0.11/turn

%: no passive effects
@: lethally poisoned (-11 -> -19), tree-form, attractive
A: stationary, stasis, torment immunity, boosted hp
a: Renounce Religion, Convert to Beogh, Heroism


You were on level 7 of the Dungeon.
You worshipped Okawaru.
Okawaru was pleased with you.
You were a tree.
You visited 2 branches of the dungeon, and saw 8 of its levels.

You collected 286 gold pieces.
You spent 138 gold pieces at shops.

Inventory:

Hand Weapons
 a - a +0 war axe
 g - a +0 dagger of speed
 i - a +0 whip of electrocution
 p - a +1 hand axe of flaming (weapon)
Missiles
 r - 13 poisoned darts (quivered)
 I - 3 curare-tipped darts
 K - 6 javelins
Armour
 b - a +0 scale mail
 c - a +0 buckler
 e - a +0 plate armour (melded)
 s - a +1 kite shield (worn)
 v - a +0 helmet (melded)
 x - a +0 cloak (melded)
 F - a +2 pair of gloves (melded)
Jewellery
 l - the amulet "Soethai" {Spirit Regen+ Dex+3 SInv}
   (You found it on level 6 of the Dungeon)

   [amulet of guardian spirit]

   Spirit:    It causes incoming damage to be divided between your reserves of
   health and magic.
   Dex+3:     It affects your dexterity (+3).
   SInv:      It lets you see invisible.
   Regen+:    It increases your rate of health regeneration.
 n - a +6 ring of intelligence (left branch)
 A - a ring of willpower (right branch)
 E - a ring of see invisible
 G - an amulet of faith
 L - a ring of wizardry
 O - a ring of poison resistance
Wands
 d - a wand of flame (21)
 y - a wand of paralysis (7)
 J - a wand of iceblast (18)
Scrolls
 f - 2 scrolls of noise
 j - a scroll of acquirement {unknown}
 k - 2 scrolls of revelation {unknown}
 o - 3 scrolls of fear {unknown}
 q - 2 scrolls of enchant armour
 t - a scroll of enchant weapon {unknown}
 u - a scroll of amnesia {unknown}
 z - 3 scrolls of teleportation {unknown}
 C - 2 scrolls of torment {unknown}
 H - 3 scrolls of vulnerability
 M - 3 scrolls of immolation {unknown}
 N - a scroll of blinking {unknown}
 P - a scroll of butterflies {unknown}
 Q - a scroll of identify
Potions
 m - 2 potions of ambrosia
 w - 2 potions of lignification
 D - 3 potions of brilliance
 R - a potion of curing {unknown}


   Skills:
 + Level 7.0 Fighting
 + Level 10.3(10.4) Axes
 + Level 1.6(5.7) Maces & Flails
 + Level 2.0 Throwing
 + Level 7.6 Armour
 + Level 0.5 Dodging
 + Level 0.9 Stealth
 + Level 7.6 Shields
 + Level 0.2 Invocations
 + Level 0.5 Evocations


You had 8 spell levels left.
You didn't know any spells.
Your spell library contained the following spells:

 Spells                   Type           Power      Damage    Failure   Level
 Lesser Beckoning         Tloc           0%         N/A       63%         2
 Gell's Gravitas          Tloc           0%         N/A       86%         3
 Teleport Other           Tloc           0%         N/A       86%         3
 Dispersal                Tloc           0%         N/A       100%        6


Dungeon Overview and Level Annotations

Branches:
Dungeon (7/15)             Temple (1/1) D:4

Altars:
Ashenzari
Dithmenos
Elyvilon
Fedhas
Gozag
Hepliaklqana
Kikubaaqudgha
Makhleb
Nemelex Xobeh
Okawaru
Qazlal
Ru
Sif Muna
Vehumet
Wu Jian
Xom
Yredelemnul
Zin

Shops:
D:2 *   D:5 *(   D:6 ?


Message History

You are more poisoned.
You block the hornet's attack.
The orc wizard hits you but does no damage.
Something completely misses you. The orc is attracted toward you.
You miss the hornet.
The hornet is severely wounded.
You miss something. You slash the orc wizard! You burn the orc wizard.
You kill the orc wizard!
Okawaru accepts your kill.
You feel very sick. The hornet closely misses you.
Something hits you but does no damage.
You are lethally poisoned!
Your Fighting skill increases to level 7!
You barely miss the hornet.
The hornet is severely wounded.
You barely miss something. You hit the orc. You burn the orc.
* * * LOW HITPOINT WARNING * * *
You feel very sick. The hornet completely misses you.
The hornet stings you but does no damage.
You barely miss the hornet.
The hornet is severely wounded.
You hit something. You burn something. You hit the orc. You burn the orc.
* * * LOW HITPOINT WARNING * * *
You feel very sick. You block the orc's attack.
The orc priest casts a cantrip, but nothing happens.
You block something's attack. You block the hornet's attack.
You turn into a tree.
Your +0 cloak melds into your body.
Your +0 helmet melds into your body.
Your +2 pair of gloves melds into your body.
Your +0 plate armour melds into your body.
Your roots penetrate the ground.
* * * LOW HITPOINT WARNING * * *
You feel very sick. The hornet stings you.
* * * LOW HITPOINT WARNING * * *
The orc priest mumbles some strange prayers to Beogh against you.
Beogh smites you!
You die...

.⌠# #.####y#######
.##### #...........(#
.....###..##.#### #.#
.###.##...##....# #.#
.⌠##.##..# #..#.# #.#
####.....# #..#.# #.#
...#.###.# #..#o# #.#
.....# #.###..#{###.#
...#####..†....o♣y..#
##.#
#..<.#####o######
...# #....# #.......#
.### #....# #..####.#
## #....# #.......# #
#....# #.......#
###.#####..####.#
#........# #.# ..#
#######.## #.#


You could see a hornet, an orc priest and 2 orcs.

Vanquished Creatures
  Grinder (D:3)
  5 yaks
  A water moccasin (D:6)
  The ghost of Rpamer15 the Magician, an amateur SpEE (D:3)
  2 black bears
  An orc warrior (D:7)
  An ice beast (D:6)
  An ogre (D:5)
  A centaur (D:5)
  A phantom (D:4)
  3 bullfrogs
  5 scorpions
  A hound (D:5)
  Crazy Yiuf (D:2)
  2 bombardier beetles
  3 orc priests
  Ijyb (D:3)
  Jessica (D:3)
  2 sleepcaps
  2 iguanas
  An orc wizard (D:7)
  7 gnolls
  A river rat (D:2)
  7 adders
  A white imp (D:6)
  5 ufetubi
  4 dart slugs
  3 ribbon worms
  14 orcs
  8 ball pythons
  4 bats (D:1)
  5 endoplasms
  5 giant cockroaches
  7 hobgoblins
  3 jackals (D:1)
  6 quokkas
  6 frilled lizards
  4 goblins
  7 kobolds
  4 rats
138 creatures vanquished.

Notes
Turn   | Place    | Note
-------+----------+-------------------------------------------
     0 | D:1      | Logoto the Hill Orc Fighter began the quest for the Orb.
     0 | D:1      | Reached XP level 1. HP: 19/19 MP: 1/1
   150 | D:1      | Reached XP level 2. HP: 27/27 MP: 2/2
   405 | D:1      | Reached skill level 3 in Axes
   683 | D:1      | Reached XP level 3. HP: 32/33 MP: 3/3
  1191 | D:2      | Reached skill level 1 in Maces & Flails
  1258 | D:2      | Reached XP level 4. HP: 40/40 MP: 4/4
  1338 | D:2      | Found a faded altar of an unknown god.
  1458 | D:2      | Found Xaitilack's Assorted Antiques.
  1474 | D:2      | Bought 2 fuming orange potions for 37 gold pieces
  1568 | D:2      | Found a runed translucent door.
  1569 | D:2      | Noticed Crazy Yiuf
  1617 | D:2      | Killed Crazy Yiuf
  1830 | D:3      | Noticed Jessica
  1836 | D:3      | Noticed Grinder
  1837 | D:3      | Killed Jessica
  1838 | D:3      | Reached XP level 5. HP: 33/46 MP: 5/5
  1958 | D:3      | Found a basalt altar of Yredelemnul.
  1961 | D:3      | Noticed Ijyb
  1980 | D:3      | Paralysed by Ijyb for 5 turns
  1989 | D:3      | Paralysed by Ijyb for 5 turns
  1999 | D:3      | Killed Ijyb
  2000 | D:3      | Reached skill level 4 in Axes
  2155 | D:3      | Paralysed by Grinder for 2 turns
  2170 | D:3      | HP: 1/46 [Grinder/nerve-wracking pain (14)]
  2173 | D:3      | Killed Grinder
  2174 | D:3      | Reached skill level 5 in Axes
  2174 | D:3      | Reached skill level 5 in Armour
  2174 | D:3      | Reached XP level 6. HP: 2/53 MP: 6/6
  2464 | D:3      | Found a runed translucent door.
  2468 | D:3      | Noticed Rpamer15's ghost (amateur SpEE)
  2485 | D:3      | Killed Rpamer15's ghost
  2486 | D:3      | Reached skill level 6 in Axes
  2486 | D:3      | Reached XP level 7. HP: 40/60 MP: 7/7
  2724 | D:3      | Found a runed translucent door.
  2849 | D:4      | Found a white marble altar of Elyvilon.
  2923 | D:4      | Reached skill level 5 in Shields
  3220 | D:4      | Found a sparkling altar of Nemelex Xobeh.
  3647 | D:4      | Found a staircase to the Ecumenical Temple.
  3659 | Temple   | Entered the Ecumenical Temple
  3686 | Temple   | Became a worshipper of Warmaster Okawaru
  3773 | D:4      | Reached skill level 5 in Fighting
  4078 | D:5      | Entered Level 5 of the Dungeon
  4150 | D:5      | Found Ea-nāṣir's Fine Metal Goods.
  4159 | D:5      | Bought a war axe for 77 gold pieces
  4187 | D:5      | Reached skill level 7 in Axes
  4187 | D:5      | Reached XP level 8. HP: 64/68 MP: 8/8
  4275 | D:5      | Found Kienwiph's Weapon Shoppe.
  4680 | D:5      | Noticed a yak
  4681 | D:5      | Noticed a yak
  4681 | D:5      | Noticed a yak
  4681 | D:5      | Noticed a yak
  4692 | D:5      | Noticed a yak
  4715 | D:6      | Killed a yak
  4715 | D:6      | Reached * piety under Okawaru
  4716 | D:6      | Reached skill level 8 in Axes
  4923 | D:6      | Identified the staff "Spider's Curse" {*Corrode rN+++
                  | Earth}
  4951 | D:6      | Found Ymicuaf's Magic Scroll Shop.
  4960 | D:6      | Bought a scroll of identify for 24 gold pieces
  5123 | D:6      | Reached XP level 9. HP: 59/75 MP: 9/9
  5186 | D:6      | Reached skill level 9 in Axes
  5199 | D:6      | Reached skill level 1 in Throwing
  5304 | D:6      | Identified the amulet "Soethai" {Spirit Regen+ Dex+3 SInv}
  5576 | D:6      | Found a stormy altar of Qazlal.
  5831 | D:5      | Reached ** piety under Okawaru
  6761 | D:7      | Found a shimmering blue altar of Sif Muna.
  6784 | D:7      | Reached skill level 10 in Axes
  6901 | D:7      | Noticed a hornet
  6915 | D:7      | Paralysed by a hornet for 1 turns
  6935 | D:7      | HP: 2/118 [hornet (6)]
  6935 | D:7      | Killed from afar by an orc priest

Illustrated notes

Levels and vault maps discovered:
D:1:      saegor_arrival_fortress, layout_basic
D:2:      layout_rooms, shapermc_ecumenical_altar_totnotflames, serial_shops,
          shop, kennysheep_generic_room_11, uniq_crazy_yiuf_cottage
D:3:      layout_rooms, overflow_temple_1_default, ebering_ghost_sewer_f,
          uniq_ijyb, uniq_jessica, uniq_grinder
D:4:      layout_loops_corners, elyvilon_altar_5, nemelex_diamond_rough_becter,
          minmay_temple_entry_hall, roderic_roman_lattice,
          nicolae_kite_square_tiling_tiny
D:5:      layout_basic, nicolae_ea-nasir_strikes_again, chequers_jeans,
          kennysheep_windowed_goal
D:6:      layout_cave_pools, mainiacjoe_overflow_24_doors, serial_park,
          serial_park_square1 [serial_park_minivault_5x5_8], serial_park_gazebo
          [serial_park_minivault_5x5_1], serial_park_square1
          [serial_park_minivault_5x5_7], serial_park_tiny_1, serial_shops, shop,
          st_stairs_10
D:7:      minmay_razor_zed, layout_basic, mainiacjoe_overflow_alcove_2,
          minivault_27, uniq_maurice
Temple:   nicolae_temple_ecumenical_triangle

Skill      XL: |  1  2  3  4  5  6  7  8  9 |
---------------+----------------------------+-----
Axes           | 3 5 6 7 8 10 | 10.3
Fighting       | 4 5 6 7 |  7.0
Armour         | 4 5 6 7 |  7.6
Maces & Flails | 1 |  1.6
Shields        | 4 5 7 |  7.6
Throwing       | 2 |  2.0
Dodging        | |  0.5
Stealth        | |  0.9
Invocations    | |  0.2
Evocations     | |  0.5

Action                     |  1- 3 |  4- 6 |  7- 9 || total
---------------------------+-------+-------+-------++-------
  Melee: War axe           |    20 |       |       ||    20
         Whip              |    79 |       |       ||    79
         Hand axe          |    23 |    98 |   389 ||   510
  Throw: Dart              |       |       |    19 ||    19
 Invoke: Heroism           |       |       |     2 ||     2
  Evoke: Wand              |       |     3 |       ||     3
    Use: Scroll            |       |     2 |     3 ||     5
         Potion            |       |     2 |     6 ||     8
 Armour: Plate armour      |    84 |    60 |   320 ||   464
         Skin              |       |       |     1 ||     1
  Dodge: Dodged            |    23 |    21 |    87 ||   131
  Block: Buckler           |    24 |       |       ||    24
         Kite shield       |     3 |    40 |   241 ||   284
